 Dungeon Crawl Stone Soup version 0.32-a0-22-g6ae6769602 (webtiles) character file.

Game seed: 2297333568777503772

623 Curundu the Cleaver (level 7, -12/57 HPs)
             Began as a Minotaur Berserker on Jan 18, 2024.
             Was a Priest of Trog.
             Mangled by an ogre
             ... wielding a +0 giant spiked club
              (23 damage)
             ... on level 5 of the Dungeon.
             The game lasted 00:12:10 (3617 turns).

Curundu the Cleaver (Minotaur Berserker)            Turns: 3617, Time: 00:12:10

Health: -12/57     AC:  9    Str: 24    XL:     7   Next: 22%
Magic:  6/6        EV: 10    Int:  4    God:    Trog [***...]
Gold:   230        SH:  0    Dex:  9    Spells: 6/6 levels left

rFire   . . .        a - +0 hand axe
rCold   . . .        (no shield)
rNeg    . . .        c - +1 scale mail
rPois   .            (helmet restricted)
rElec   .            (no cloak)
rCorr   .            (no gloves)
SInv    .            n - +1 pair of boots
Will    .....        (no amulet) Stlth
                     (no ring)
HPRegen 0.29/turn    (no ring)
MPRegen 0.10/turn

%: no passive effects
@: no status effects
A: horns 2, retaliatory headbutt
a: Renounce Religion, Berserk, Trog's Hand


You were on level 5 of the Dungeon.
You worshipped Trog.
Trog was most pleased with you.
You visited 1 branch of the dungeon, and saw 5 of its levels.

You collected 230 gold pieces.

Inventory:

Hand Weapons
 a - a +0 hand axe (weapon)
Missiles
 g - 6 boomerangs (quivered)
Armour
 c - a +1 scale mail (worn)
 n - a +1 pair of boots (worn)
Jewellery
 j - a +6 ring of intelligence
Wands
 m - a wand of flame (12)
Scrolls
 b - a scroll of teleportation
 f - 3 scrolls of enchant armour
Potions
 d - a potion of berserk rage {unknown}
 e - 4 potions of brilliance {unknown}
 h - 3 potions of ambrosia
 i - 2 potions of haste
 k - 3 potions of curing
 l - a potion of magic {unknown}
 o - a potion of degeneration {unknown}
 p - a potion of cancellation {unknown}


   Skills:
 - Level 3.6 Fighting
 + Level 9.1 Axes
 + Level 3.3 Throwing
 - Level 2.4 Armour
 - Level 2.1 Dodging


You had 6 spell levels left.
You didn't know any spells.
Your spell library was empty.

Dungeon Overview and Level Annotations

Branches:
Dungeon (5/15)
 Temple: D:4-7

Altars:
Hepliaklqana
Zin

Shops:
D:2 (   D:4 *


Innate Abilities, Weirdness & Mutations

You have a pair of horns on your head.
You reflexively headbutt those who attack you in melee.


Message History

You closely miss the orc. The orc barely misses you.
You hit the orc.
The orc is moderately wounded.
The orc barely misses you.
You closely miss the orc. Your headbutt misses the orc.
The orc is moderately wounded.
The orc hits you but does no damage.
You closely miss the orc.
The orc is moderately wounded.
The orc closely misses you.
You hit the orc.
You kill the orc!
Trog accepts your kill.
Items here: )))) [[ †††.
Okay, then.
There is a stone staircase leading up here.
An ogre comes into view. It is wielding a +0 giant spiked club.
The ogre shouts!
The ogre hits you but does no damage.
You hit the ogre.
The ogre is lightly wounded.
You barely miss the ogre.
The ogre is lightly wounded.
The ogre misses you.
You hit the ogre. Your headbutt misses the ogre.
The ogre is lightly wounded.
You barely miss the ogre. You headbutt the ogre!
The ogre is heavily wounded.
The ogre hits you with a +0 giant spiked club!
You barely miss the ogre.
The ogre is heavily wounded.
The ogre hits you with a +0 giant spiked club!!
Ouch! That really hurt!
* * * LOW HITPOINT WARNING * * *
You slash the ogre!
The ogre is almost dead.
You hit the ogre.
The ogre is almost dead.
The ogre hits you with a +0 giant spiked club!!
You die...

####### ## ......#
.#
#####.############.#
#......... ....#
#......... ....
#.######## #.. #.#
#.# ###.##########O#
#...........##@#
#.#.#######.##.#
#.#.# #.##.# # #)#
#.##.#
#.#######.##.#
#..#.<.......#
##.#.####.#### #.#.#
#.# #.##.#)# #.#


You could see an ogre.

Vanquished Creatures
  2 ogres
  A scorpion (D:4)
  2 hounds
  2 orc priests (D:3)
  5 orc wizards
  4 adders
  4 dart slugs
  3 ribbon worms
  7 orcs
  2 ball pythons (D:4)
  9 endoplasms
  3 giant cockroaches
  3 goblins
  8 hobgoblins
  12 jackals
  8 kobolds
  3 quokkas
  7 bats
  12 frilled lizards
  6 rats
103 creatures vanquished.

Notes
Turn   | Place    | Note
-------+----------+-------------------------------------------
     0 | D:1      | Curundu the Minotaur Berserker began the quest for the Orb.
     0 | D:1      | Reached XP level 1. HP: 19/19 MP: 0/0
    75 | D:1      | Reached skill level 4 in Axes
    82 | D:1      | Reached XP level 2. HP: 5/26 MP: 1/1
   400 | D:1      | Reached skill level 5 in Axes
   463 | D:1      | Reached XP level 3. HP: 26/31 MP: 2/2
   548 | D:1      | Reached ** piety under Trog
   926 | D:2      | Found Iqaidyfa's Antique Weapon Boutique.
  1067 | D:2      | Reached skill level 6 in Axes
  1067 | D:2      | Reached XP level 4. HP: 38/39 MP: 3/3
  1305 | D:2      | Found a faded altar of an unknown god.
  1345 | D:2      | Found a hazy altar of Hepliaklqana.
  1665 | D:3      | Reached *** piety under Trog
  2271 | D:3      | Reached XP level 5. HP: 41/45 MP: 4/4
  2319 | D:3      | Reached skill level 7 in Axes
  2684 | D:4      | Found Xaekoch's General Store.
  2772 | D:4      | Reached skill level 8 in Axes
  2804 | D:4      | Reached XP level 6. HP: 51/51 MP: 5/5
  2843 | D:4      | Reached skill level 1 in Throwing
  2947 | D:4      | Found a glowing silver altar of Zin.
  3135 | D:4      | Reached XP level 7. HP: 31/57 MP: 6/6
  3500 | D:5      | Entered Level 5 of the Dungeon
  3527 | D:5      | Reached skill level 9 in Axes
  3617 | D:5      | Mangled by an ogre

Illustrated notes

Levels and vault maps discovered:
D:1:      elethiomel_arrival_quiet, layout_basic, nicolae_eternal_life,
          minmay_lizard_king
D:2:      layout_loops_ring, serial_shops, nicolae_shop_window_shopping,
          basic_altar, ebering_ecumenical_altar_box, minmay_tripent
D:3:      layout_loops_ring, serial_co_window_serial, co_window_corner_a,
          co_window_paths_b, co_window_corner_a, co_window_of_opportunity_a,
          co_window_paths_a, co_window_corner_a, co_window_paths_b,
          co_window_corner_cb, co_window_2corner, co_window_corner_b,
          co_window_paths_e, co_window_sun
D:4:      layout_basic, mainiacjoe_overflow_chevrons, serial_shops, shop,
          amcnicky_mini_pool_small, minmay_a_box_with_orc_wizards_in_it
D:5:      layout_loops_ring, mainiacjoe_overflow_cross_hatched

Skill      XL: |  1  2  3  4  5  6  7 |
---------------+----------------------+-----
Axes           | 4 5 6 8 9 |  9.1
Throwing       | 2 3 |  3.3
Fighting       | |  3.6
Armour         | |  2.4
Dodging        | |  2.1

Action                     |  1- 3 |  4- 6 |  7- 9 || total
---------------------------+-------+-------+-------++-------
  Melee: Hand axe          |   100 |   127 |    39 ||   266
         Headbutt          |    10 |    19 |     3 ||    32
  Throw: Boomerang         |       |    10 |       ||    10
 Invoke: Berserk           |     1 |     1 |       ||     2
         Trog's Hand       |       |     4 |       ||     4
    Use: Scroll            |     1 |     5 |     2 ||     8
 Armour: Animal skin       |    21 |       |       ||    21
         Scale mail        |    54 |    78 |    17 ||   149
  Dodge: Dodged            |    54 |    52 |    12 ||   118

Table legend: (Time is in decaauts)
 A = Elapsed time spent in this place.
 B = Non-inter-level travel time spent in this place.
 C = Inter-level travel time spent in this place.
 D = Time resting spent in this place.
 E = Time spent auto-exploring this place.
 F = Levels seen in this place.
 G = Mean time per level.
                   A        B        C        D        E       F      G
               +--------+--------+--------+--------+--------+-----+--------+
         Total |   3625 |   3625 |      0 |    231 |   2507 |   5 |  725.0 |
       Dungeon |   3625 |   3625 |      0 |    231 |   2507 |   5 |  725.0 |
               +--------+--------+--------+--------+--------+-----+--------+

Top non-repeatable levels by time:
     D:3: 1012 daAuts
     D:1: 934 daAuts
     D:4: 830 daAuts
     D:2: 735 daAuts
     D:5: 111 daAuts
